 Dungeon Crawl Stone Soup version 0.30.0-5-g1a98f26d00 (webtiles) character file.

Game seed: 5678358087544604490

3165 Strat the Fighter (level 9, 0/106 HPs)
             Began as an Ogre Delver on May 10, 2023.
             Was a Believer of Okawaru.
             Slain by an orc warrior
             ... wielding a +0 flail
              (14 damage)
             ... on level 8 of the Dungeon.
             The game lasted 00:22:02 (9585 turns).

Strat the Fighter (Ogre Delver)                     Turns: 9585, Time: 00:22:03

Health: 0/106      AC:  8    Str: 22    XL:     9   Next: 94%
Magic:  9/9        EV: 14    Int: 11    God:    Okawaru [**....]
Gold:   456        SH:  0    Dex: 13    Spells: 2/8 levels left

rFire   + . .        a - +0 morningstar
rCold   . . .        (no shield)
rNeg    . . .        n - +0 acid dragon scales
rPois   .            (helmet restricted)
rElec   .            v - +0 cloak of Joet {+Inv Dex+3}
rCorr   +            (gloves unavailable)
SInv    .            (boots unavailable)
Will    .....        (no amulet)
Stlth   ++           w - ring of protection from fire
HPRegen 0.37/turn    C - +5 ring of evasion
MPRegen 0.11/turn

%: no passive effects
@: on berserk cooldown, slowed, very slow
A: large, unfitting armour, tough skin 1
a: Renounce Religion, Evoke Invisibility, Heroism


You were on level 8 of the Dungeon.
You worshipped Okawaru.
Okawaru was pleased with you.
You visited 2 branches of the dungeon, and saw 9 of its levels.

You collected 516 gold pieces.
You spent 60 gold pieces at shops.

Inventory:

Hand Weapons
 a - a +0 morningstar (weapon)
 x - a +0 whip of electrocution
Missiles
 h - 10 javelins (quivered)
 t - 21 poisoned darts
 D - a curare-tipped dart
Armour
 b - a +1 robe
 n - +0 acid dragon scales (worn)
 v - the +0 cloak of Joet (worn) {+Inv Dex+3}
   (You found it on level 3 of the Dungeon)

   Dex:       It affects your dexterity (+3).
   +Inv:      It lets you turn invisible.
Jewellery
 w - a ring of protection from fire (left hand)
 C - a +5 ring of evasion (right hand)
Wands
 g - a wand of digging (3)
Scrolls
 c - 4 scrolls of fog
 d - 3 scrolls of magic mapping
 f - 2 scrolls of teleportation
 s - a scroll of vulnerability
 y - a scroll of amnesia
Potions
 i - 3 potions of mutation
 j - 2 potions of flight
 k - 2 potions of attraction {unknown}
 l - a potion of cancellation
 m - a potion of ambrosia {unknown}
 o - a potion of might {unknown}
 p - 3 potions of lignification
 q - a potion of brilliance {unknown}
 u - a potion of berserk rage
 z - 2 potions of curing
 B - 2 potions of magic


   Skills:
 - Level 12.1 Fighting
 * Level 9.7 Maces & Flails
 - Level 1.7 Dodging
 - Level 3.7 Stealth


You had 2 spell levels left.
You knew the following spells:

 Your Spells              Type           Power      Damage    Failure   Level
a - Blink                 Tloc           0%         N/A       56%         2
b - Manifold Assault      Tloc           0%         N/A       99%         4

Your spell library contained the following spells:

 Spells                   Type           Power      Damage    Failure   Level
 Ensorcelled Hibernation  Hex/Ice        0%         N/A       56%         2
 Dazzling Flash           Conj/Hex       0%         N/A       80%         3
 Spider Form              Tmut/Pois      0%         N/A       80%         3
 Anguish                  Hex/Necr       0%         N/A       99%         4
 Agony                    Necr           0%         N/A       100%        5
 Silence                  Hex/Air        0%         N/A       100%        5
 Storm Form               Tmut/Air       0%         N/A       100%        7
 Summon Forest            Summ/Tloc      Unusable   N/A       N/A         5
 Summon Mana Viper        Hex/Summ       Unusable   N/A       N/A         5
 Summon Cactus Giant      Summ           Unusable   N/A       N/A         6

Dungeon Overview and Level Annotations

Branches:
Dungeon (8/15)             Temple (1/1) D:5
   Lair: D:8-11

Altars:
Ashenzari
Dithmenos
Fedhas
Gozag
Hepliaklqana
Kikubaaqudgha
Nemelex Xobeh
Okawaru
Qazlal
Sif Muna
Trog
Uskayaw
Vehumet
Wu Jian
Zin
The Shining One

Shops:
D:1 *   D:5 *

Annotations:
D:5 1 runed translucent door, ebering's ghost, weakling OgDe


Innate Abilities, Weirdness & Mutations

You are too large for most types of armour.
You have tough skin. (AC +1)


Message History

The hornet stings you but does no damage.
You barely miss the hornet. Your punch misses the hornet.
The hornet is heavily wounded.
You feel sick. The hornet stings you!
* * * LOW HITPOINT WARNING * * *
You feel as though you will be slow longer.
The hornet misses you.
You hit the hornet.
The hornet is heavily wounded.
You are no longer berserk.
You are exhausted.
You feel as though you will be slow longer.
You feel sick. The hornet misses you.
You barely miss the hornet.
The hornet is heavily wounded.
You feel sick. The hornet stings you!
* * * LOW HITPOINT WARNING * * *
You feel as though you will be slow longer.
The hornet barely misses you.
You hit the hornet.
The hornet is severely wounded.
You feel sick. The hornet misses you. The hornet barely misses you.
The hornet stings you!
* * * LOW HITPOINT WARNING * * *
You are lethally poisoned!
You feel as though you will be slow longer.
You feel better.
The hornet stings you but does no damage.
The hornet closely misses you.
As you read the scroll of fear, it crumbles to dust.
You assume a fearsome visage.
The hornet looks frightened!
The kobold looks frightened!
The orc warrior closely misses you.
Cornered, the hornet turns to fight!
The orc warrior closely misses you.
The orc warrior attacks as you move away!
The orc warrior hits you with a +0 flail.
* * * LOW HITPOINT WARNING * * *
The orc warrior attacks as you move away!
The orc warrior hits you with a +0 flail!
You die...

##... # ##K~ #
###.y# # #...# #
##.# # #y.# ####
#.## #..# #o# #...
#@# #... #.# ##...
#.# ##.... #.#
##..... #.# #.##..#
#.##########.##..#
#.............#...
##.............#...
#....###.##.#######


You could see a hornet and an orc warrior.

Vanquished Creatures
  Eustachio (D:4)
  An acid dragon (D:7)
  A water moccasin (D:5)
  An orc warrior (D:7)
  A sky beast (D:7)
  4 ice beasts
  3 ogres
  A centaur (D:6)
  2 phantoms
  A kobold brigand (D:7)
  4 scorpions
  4 bullfrogs
  8 wights
  A howler monkey (D:5)
  4 hounds
  An orc priest (D:7)
  A jelly (D:7)
  A sleepcap (D:7)
  3 iguanas
  3 orc wizards (D:7)
  2 hound skeletons (D:3)
  Robin (D:4)
  13 gnolls
  3 adders
  A shadow imp (D:6)
  2 white imps
  An ufetubus (D:4)
  2 adder skeletons (D:3)
  A worm (D:3)
  4 dart slugs
  14 orcs
  An endoplasm (D:1)
  2 giant cockroaches (D:2)
  46 goblins
  27 hobgoblins
  5 jackals
  19 kobolds
  3 quokkas
  9 ball pythons
  2 ball python skeletons (D:3)
  A ball python zombie (D:3)
  4 bats
  5 frilled lizards
  6 rats
220 creatures vanquished.

Notes
Turn   | Place    | Note
-------+----------+-------------------------------------------
     0 | D:5      | Strat the Ogre Delver began the quest for the Orb.
     0 | D:5      | Reached XP level 1. HP: 24/24 MP: 1/1
    44 | D:4      | Noticed an ogre
   183 | D:3      | Reached XP level 2. HP: 25/32 MP: 2/2
   488 | D:1      | Reached XP level 3. HP: 39/39 MP: 3/3
   611 | D:1      | Found a faded altar of an unknown god.
  1109 | D:1      | Found Numywuam's General Store.
  1125 | D:1      | Bought a potion of heal wounds for 60 gold pieces
  1314 | D:2      | Reached XP level 4. HP: 49/49 MP: 4/4
  1978 | D:3      | Identified the +0 cloak of Joet {+Inv Dex+3}
  1985 | D:3      | Reached skill level 5 in Fighting
  1993 | D:3      | Reached XP level 5. HP: 50/57 MP: 5/5
  2525 | D:3      | Reached skill level 6 in Fighting
  3132 | D:3      | Reached XP level 6. HP: 58/68 MP: 6/6
  3426 | D:2      | Reached skill level 7 in Fighting
  4569 | D:3      | Reached skill level 8 in Fighting
  4887 | D:5      | Found an ancient bone altar of Kikubaaqudgha.
  4933 | D:5      | Reached XP level 7. HP: 40/81 MP: 7/7
  5164 | D:5      | Reached skill level 9 in Fighting
  5329 | D:5      | Found a staircase to the Ecumenical Temple.
  5337 | D:4      | Identified the +2 helmet "Sizadah" {Will+ Slay+6}
  5337 | D:4      | Noticed Robin
  5341 | D:4      | Killed Robin
  5589 | D:4      | Noticed Eustachio
  5632 | D:4      | Killed Eustachio
  5633 | D:4      | Reached skill level 10 in Fighting
  6133 | D:4      | Reached XP level 8. HP: 57/91 MP: 8/8
  6140 | D:4      | Reached skill level 11 in Fighting
  6483 | D:5      | Reached skill level 5 in Maces & Flails
  6681 | D:5      | Learned a level 2 spell: Blink
  6686 | D:5      | Learned a level 4 spell: Manifold Assault
  6837 | Temple   | Entered the Ecumenical Temple
  7009 | Temple   | Became a worshipper of Warmaster Okawaru
  7045 | D:5      | Found Reuqir's CLEARANCE SALE!.
  7249 | D:5      | Found a runed translucent door.
  7252 | D:5      | Noticed ebering's ghost (weakling OgDe)
  7733 | D:6      | Reached XP level 9. HP: 98/106 MP: 9/9
  7963 | D:6      | Reached skill level 12 in Fighting
  8310 | D:7      | Reached * piety under Okawaru
  8723 | D:7      | Found a hazy altar of Hepliaklqana.
  8723 | D:7      | Found a hide-covered altar of Uskayaw.
  8895 | D:7      | Reached ** piety under Okawaru
  9153 | D:8      | Noticed a two-headed ogre
  9556 | D:8      | Noticed a hornet
  9562 | D:8      | Paralysed by a hornet for 2 turns
  9572 | D:8      | Paralysed by a hornet for 1 turns
  9585 | D:8      | Slain by an orc warrior

Illustrated notes

Levels and vault maps discovered:
D:1:      elethiomel_arrival_infinity_welcomes_careful_drivers, layout_basic,
          serial_shops, nicolae_shop_window_shopping,
          ebering_ecumenical_altar_webs
D:2:      layout_rooms, wad_floor_pattern_untrapped
D:3:      minmay_goblin_kobold_castle, layout_basic, serial_undead,
          serial_undead_d, serial_undead_a, serial_undead_d, serial_undead_b
D:4:      layout_basic, uniq_robin, uniq_eustachio
D:5:      layout_loops_cross, mainiacjoe_overflow_tiny_flanked,
          minmay_temple_entry_glassed_door, serial_glass, glass_columns_a,
          glass_columns_a, ebering_ghost_reflecting_pool, nicolae_shop_clearance
D:6:      layout_basic
D:7:      layout_basic, gammafunk_temple_overflow_wave
D:8:      layout_gridville, tgw_xom, general_overflow_altar,
          nzn_makhleb_speed_demon
Temple:   hellmonk_temple_forest_ring

Skill      XL: |  1  2  3  4  5  6  7  8  9 |
---------------+----------------------------+-----
Maces & Flails | 2 3 4 6 9 |  9.7
Fighting       | 5 6 8 10 11 12 | 12.1
Dodging        | |  1.7
Stealth        | |  3.7

Action                     |  1- 3 |  4- 6 |  7- 9 || total
---------------------------+-------+-------+-------++-------
  Melee: Mace              |   110 |       |       ||   110
         Flail             |       |   294 |   396 ||   690
         Punch             |       |     4 |     5 ||     9
         Morningstar       |       |       |    24 ||    24
  Throw: Javelin           |     3 |    10 |     5 ||    18
         Dart              |     2 |       |       ||     2
    Use: Scroll            |     4 |       |    10 ||    14
         Potion            |       |     1 |     8 ||     9
   Stab: Sleeping          |     9 |     3 |     5 ||    17
         Distracted        |       |     4 |       ||     4
 Armour: Robe              |    37 |   128 |    81 ||   246
         Acid dragon scale |       |       |    31 ||    31
  Dodge: Dodged            |    54 |   207 |   354 ||   615
